AoeStats
← Yverogne

Black Forest

505713845Analyzed
3v3 RM · 22d ago on Sep 10, 2026· 11m 35s· 6 players
Game mode
Random Map
Map size
Normal (6 player)
Population
200
Speed
Normal
Resources
Standard
Victory
Conquest
Starting age
Dark Age
Ending age
Imperial Age
RankedLock teamsTeams togetherTeam positionsShared explorationLock speedFull tech treeHidden civsTurbo modeCheats
Victory
Defeat
🇹🇷 Cumans · Türkiye
917
+14
🇧🇷 Persians · Brazil
912
+14
🇮🇹 Byzantines · Italy
905
+14
🇫🇷 Bohemians · France
876
-14
🇫🇷 Romans · France
872
-14
🇫🇷 Khmer · France
861
-14
Mineirinha
0:28 Loom
11:24 Feudal Age
professor
0:28 Loom
12:54 Feudal Age
ZAWVMA
1:22 Loom
12:20 Feudal Age
zohran63
0:34 Loom
rom.julliard
1:03 Loom
Yverogne
0:57 Loom
Connection lost

Rejoining the realm…

Still unreachable

The connection could not be restored.

Session expired

The server has moved on; the page needs a fresh start.